AoeStats
← 瓦兰吉程咬金三板斧

African Clearing

510966718Analyzed
4v4 RM · 13h ago on Oct 3, 2026· 39m 24s· 8 players
Game mode
Random Map
Map size
Large (8 player)
Population
200
Speed
Normal
Resources
Standard
Victory
Conquest
Starting age
Dark Age
Ending age
Imperial Age
RankedLock teamsTeams togetherTeam positionsShared explorationLock speedFull tech treeHidden civsTurbo modeCheats
Victory
Defeat
🇭🇰 Bulgarians · Hong Kong SAR China
1560
+13
🇨🇳 Berbers · China
1551
+14
🇵🇰 Goths · Pakistan
1535
+14
1529
+15
🇷🇺 Cumans · Russia
1654
-20
🇻🇳 Byzantines · Vietnam
1456
-12
1447
-12
🇩🇪 Chinese · Germany
1444
-12
大庆Song
4:59 Loom
13:35 Feudal Age
17:53 Castle Age
17:48 Scale Mail Armor
17:39 Double-Bit Axe
17:35 Horse Collar
20:07 Heavy Plow
21:22 Gambesons
22:58 Chain Mail Armor
26:26 Forging
27:52 Squires
30:33 Wheelbarrow
33:45 Iron Casting
34:51 Pikeman
42:09 Imperial Age
愿随心
5:10 Loom
13:49 Feudal Age
15:37 Double-Bit Axe
18:21 Castle Age
17:43 Double-Bit Axe
17:58 Fletching
18:37 Stone Mining
18:40 Gold Mining
18:36 Horse Collar
22:05 Bodkin Arrow
25:56 Padded Archer Armor
32:28 Ballistics
34:46 Wheelbarrow
37:00 Imperial Age
35:42 Kasbah
36:14 Bow Saw
37:53 Gold Shaft Mining
37:38 Leather Archer Armor
37:05 Treadmill Crane
38:11 Bracer
DetectiveYemitoShumafuk
11:57 Feudal Age
11:01 Loom
13:14 Town Watch
16:30 Castle Age
14:52 Double-Bit Axe
18:57 Bow Saw
18:33 Horse Collar
30:24 Fletching
32:33 Wheelbarrow
36:53 Imperial Age
35:33 Stone Mining
37:58 Conscription
39:03 Bodkin Arrow
Horizon
3:34 Loom
14:35 Feudal Age
15:35 Double-Bit Axe
18:45 Castle Age
19:40 Bow Saw
21:25 Horse Collar
23:59 Scale Mail Armor
25:33 Squires
25:50 Chain Mail Armor
33:17 Wheelbarrow
32:27 Town Watch
38:18 Forging
39:10 Heavy Plow
38:58 Pikeman
gianghodd01
7:00 Loom
15:57 Feudal Age
20:06 Castle Age
18:19 Double-Bit Axe
18:21 Horse Collar
21:12 Wheelbarrow
24:34 Husbandry
33:14 Scale Barding Armor
34:21 Pikeman
35:01 Squires
36:25 Hand Cart
瓦兰吉程咬金三板斧
9:08 Loom
11:15 Feudal Age
12:22 Double-Bit Axe
16:59 Fletching
23:09 Castle Age
21:59 Horse Collar
22:24 Padded Archer Armor
23:13 Crossbowman
24:12 Bodkin Arrow
25:50 Bow Saw
30:14 Scale Mail Armor
Eli
11:24 Feudal Age
12:09 Double-Bit Axe
14:10 Loom
20:17 Castle Age
20:05 Horse Collar
21:35 Bow Saw
23:38 Town Watch
26:27 Fletching
28:04 Bodkin Arrow
32:16 Horse Collar
32:28 Gold Mining
32:28 Stone Mining
35:01 Ballistics
36:38 Town Patrol
40:03 Imperial Age
38:09 Wheelbarrow
cauliflower
3:43 Loom
13:45 Feudal Age
17:46 Castle Age
16:01 Double-Bit Axe
19:00 Bow Saw
19:08 Horse Collar
24:01 Husbandry
24:46 Town Watch
25:41 Wheelbarrow
32:16 Imperial Age
32:22 Imperial Age
30:17 Gold Mining
30:18 Fletching
30:29 Padded Archer Armor
30:35 Scale Barding Armor
31:49 Bodkin Arrow
32:35 Scale Barding Armor
33:15 Bracer
33:55 Conscription
34:07 Ballistics
33:23 Cavalier
34:14 Bloodlines
36:58 Chemistry
36:48 Elite Chu Ko Nu
Connection lost

Rejoining the realm…

Still unreachable

The connection could not be restored.

Session expired

The server has moved on; the page needs a fresh start.